 Dungeon Crawl Stone Soup version 0.22-a0-42-g002c468 (webtiles) character file.

344 Anno the Chiller (level 6, 0/41 HPs)
             Began as a Merfolk Ice Elementalist on Jan 6, 2018.
             Was an Initiate of Fedhas.
             Slain by a centaur (5 damage)
             ... on level 4 of the Dungeon.
             The game lasted 00:19:37 (3063 turns).

Anno the Chiller (Merfolk Ice Elementalist)         Turns: 3063, Time: 00:19:38

Health: 0/41       AC:  2    Str:  8    XL:     6   Next: 58%
Magic:  4/11       EV: 13    Int: 17    God:    Fedhas [......]
Gold:   156        SH:  0    Dex: 14    Spells: 3/11 levels left

rFire    . . .     SeeInvis .   d - +0 hunting sling
rCold    . . .     Gourm    .   (no shield)
rNeg     . . .     Faith    .   a - +0 robe
rPois    .         Spirit   .   (no helmet)
rElec    .         Reflect  .   (no cloak)
rCorr    .         Harm     .   (no gloves)
MR       .....                  (no boots)
Stlth    ++........             (no amulet)
HPRegen  0.13/turn              (no ring)
MPRegen  0.12/turn              (no ring)

@: lethally poisoned (0 -> -1)
A: change form in water, swift swim, stealthy swim
a: Fungal Bloom, Renounce Religion


You were on level 4 of the Dungeon.
You worshipped Fedhas.
Fedhas was noncommittal.
You were not hungry.

You visited 1 branch of the dungeon, and saw 4 of its levels.

You collected 156 gold pieces.

Inventory:

Hand Weapons
 d - a +0 hunting sling (weapon)
 g - a +1 vampiric dagger
Missiles
 f - 32 sling bullets (quivered)
 h - 75 stones
 q - 8 tomahawks
Armour
 a - a +0 robe (worn)
Scrolls
 e - 2 scrolls of immolation {unknown}
 j - a scroll of enchant weapon {unknown}
 k - a scroll of enchant armour {unknown}
 l - 2 scrolls of fear {unknown}
 n - a scroll of teleportation {unknown}
 o - a scroll of remove curse {unknown}
Potions
 i - a potion of agility {unknown}
 m - 2 potions of magic {unknown}
 p - a potion of berserk rage {unknown}
 r - a potion of mutation {unknown}
Books
 b - a book of Frost

   Spells                             Type                      Level
   a - Freeze                         Ice                          1
   b - Throw Frost                    Conjuration/Ice              2
   c - Ozocubu's Armour               Charms/Ice                   3
   d - Throw Icicle                   Conjuration/Ice              4
   e - Summon Ice Beast               Ice/Summoning                4
Comestibles
 c - 8 rations


   Skills:
 - Level 2.6 Dodging
 - Level 2.1 Stealth
 + Level 3.3 Spellcasting
   Level 0.7 Conjurations
 * Level 1.7 Charms
 * Level 2.8 Summonings
 * Level 5.8 Ice Magic


You had 3 spell levels left.
You knew the following spells:

 Your Spells              Type           Power        Failure   Level  Hunger
a - Freeze                Ice            ###.         1%          1    None
b - Ozocubu's Armour      Chrm/Ice       ###.....     11%         3    ###....
c - Summon Ice Beast      Ice/Summ       ###.....     28%         4    ####...


Dungeon Overview and Level Annotations

Branches:
Dungeon (4/15)
 Temple: D:4-7

Altars:
Fedhas

Annotations:
D:3 sidewaysV2's ghost, amateur MiGl
D:4 TySteely's ghost, amateur DsMo


Message History

The centaur misses you.
Casting: Freeze
Confirm with . or Enter, or press ? or * to list all spells.
Aiming: Freeze
Press: ? - help, Shift-Dir - straight line, f/p - centaur
Aim: a centaur (lightly wounded)
You freeze the centaur.
The centaur is heavily wounded.
You feel sick. The centaur hits you.
* * * LOW HITPOINT WARNING * * *
Casting: Freeze
Confirm with . or Enter, or press ? or * to list all spells.
Aiming: Freeze
Press: ? - help, Shift-Dir - straight line, f/p - centaur
Aim: a centaur (heavily wounded)
You freeze the centaur.
The centaur is severely wounded.
The centaur completely misses you. The centaur hits you.
You die...
Fedhas appreciates your contribution to the ecosystem.

#########.
#.....##..
#.<...##.#
#######.....##.###
#.....#.....##...
#.....#.....##S.#
#.....)).#.###..####
#.....###.####@c(..#
#.....#....(.(#.##.#
###.###.#####.#.#
#....# #. #.#..
#...... . ......
##.##.##. #.##### #.
#... ..# . #... ###
. ###


You could see a centaur and an adder.

Vanquished Creatures
  2 ogres (D:3)
  3 orc priests
  3 adders
  An adder skeleton (D:4)
  A worm (D:3)
  3 leopard geckos
  6 orcs
  A giant cockroach (D:2)
  6 goblins
  2 hobgoblins
  4 jackals (D:3)
  A quokka (D:4)
  3 bats
  3 frilled lizards
  7 rats
46 creatures vanquished.

Vanquished Creatures (others)
  6 toadstools (D:3)
6 creatures vanquished.

Grand Total: 52 creatures vanquished

Notes
Turn   | Place    | Note
-------+----------+-------------------------------------------
     0 | D:1      | Anno the Merfolk Ice Elementalist began the quest for the Orb.
     0 | D:1      | Reached XP level 1. HP: 13/13 MP: 3/3
   355 | D:1      | Reached XP level 2. HP: 16/19 MP: 3/5
   776 | D:2      | Found a blossoming altar of Fedhas.
   783 | D:2      | Became a worshipper of Fedhas Madash
   900 | D:2      | Reached skill level 4 in Ice Magic
  1215 | D:3      | Noticed sidewaysV2's ghost (amateur MiGl)
  1279 | D:3      | Reached XP level 3. HP: 17/24 MP: 0/6
  1445 | D:3      | Reached XP level 4. HP: 30/30 MP: 5/8
  1469 | D:3      | Learned a level 3 spell: Ozocubu's Armour
  1474 | D:3      | Learned a level 4 spell: Summon Ice Beast
  2108 | D:4      | Noticed TySteely's ghost (amateur DsMo)
  2179 | D:4      | Noticed an ogre
  2185 | D:4      | Noticed an ogre
  2191 | D:3      | Killed an ogre
  2191 | D:3      | Reached skill level 5 in Ice Magic
  2191 | D:3      | Reached XP level 5. HP: 7/35 MP: 2/9
  2458 | D:3      | Killed an ogre
  2458 | D:3      | Reached skill level 1 in Charms
  2458 | D:3      | Reached XP level 6. HP: 11/41 MP: 4/10
  3063 | D:4      | Slain by a centaur

Vault maps used:
D:1:      dpeg_arrival_arbitrary_c
D:2:      fedhas_altar_2
D:3:      first_ration
D:4:      serial_shops, nicolae_shop_waterfront

Skill      XL: |  1  2  3  4  5 |
---------------+----------------+-----
Ice Magic      | 4 5 |  5.8
Spellcasting   | 3 |  3.3
Summonings     | 2 |  2.8
Charms         | 1 |  1.7
Dodging        | |  2.6
Stealth        | |  2.1
Conjurations   | |  0.7

Action                   |  1- 3 |  4- 6 || total
-------------------------+-------+-------++-------
 Fire: Hunting sling     |     2 |    30 ||    32
 Cast: Freeze            |    31 |    54 ||    85
Invok: Fungal Bloom      |       |     2 ||     2
  Eat: Chunk             |     2 |     5 ||     7
Armor: Robe              |     2 |     3 ||     5
Dodge: Dodged            |     6 |    33 ||    39

Table legend:
 A = Spawn XP
 B = Non-spawn XP
 C = Spawn XP percentage of total XP
 D = Spawn monster count
 E = Non-spawn monster count
 F = Spawn count percentage of total count
 G = Total turns spent on level
                    A         B        C        D         E        F      G
               +---------+---------+-------+---------+---------+-------+---------
         Total |       0 |     492 |   0.0 |       0 |      46 |   0.0 |  3063
               +---------+---------+-------+---------+---------+-------+---------
           D:1 |       0 |      18 |   0.0 |       0 |      12 |   0.0 |   715
           D:2 |       0 |       5 |   0.0 |       0 |       3 |   0.0 |   406
           D:3 |       0 |     355 |   0.0 |       0 |      23 |   0.0 |  1577
           D:4 |       0 |     114 |   0.0 |       0 |       8 |   0.0 |   365
               +---------+---------+-------+---------+---------+-------+---------
